 Dungeon Crawl Stone Soup version 0.29-a0-350-g7790a0e (webtiles) character file.

Game seed: 1429592122598784140

1456 Dorkslayer the Poker (level 8, -3/62 HPs)
             Began as a Merfolk Fighter on Apr 22, 2022.
             Slain by a boulder beetle (16 damage)
             ... on level 6 of the Dungeon.
             The game lasted 00:20:25 (4044 turns).

Dorkslayer the Poker (Merfolk Fighter)              Turns: 4044, Time: 00:20:25

Health: -3/62      AC: 14    Str: 16    XL:     8   Next: 76%
Magic:  8/8        EV:  7    Int:  7    God:
Gold:   146        SH:  5    Dex: 16    Spells: 7/7 levels left

rFire   + . .      SeeInvis .   a - +1 trident
rCold   . . .      Faith    .   c - +0 buckler
rNeg    . . .      Spirit   .   w - +3 chain mail
rPois   .          Reflect  .   h - +0 hat
rElec   .          Harm     .   (no cloak)
rCorr   .          Rampage  .   x - +0 pair of gloves
Will    .....                   n - +0 pair of boots
Stlth   ..........              y - amulet of regeneration
HPRegen 1.00/turn               p - ring of protection from fire
MPRegen 0.11/turn               g - +4 ring of slaying

@: invisible
A: (nimble swimmer 2), mertail
a: no special abilities


You were on level 6 of the Dungeon.
You visited 1 branch of the dungeon, and saw 6 of its levels.
You also visited: Sewer.

You collected 146 gold pieces.

Inventory:

Hand Weapons
 a - a +1 trident (weapon)
Missiles
 f - 4 boomerangs (quivered)
 s - 19 poisoned darts
Armour
 c - a +0 buckler (worn)
 h - a +0 hat (worn)
 n - a +0 pair of boots (worn)
 v - a +0 tower shield
 w - a +3 chain mail (worn)
 x - a +0 pair of gloves (worn)
Jewellery
 g - a +4 ring of slaying (right hand)
 p - a ring of protection from fire (left hand)
 y - an amulet of regeneration (around neck)
Wands
 b - a wand of digging (7)
Scrolls
 e - a scroll of immolation
 A - 2 scrolls of identify
Potions
 i - a potion of mutation
 k - 2 potions of magic
 o - 2 potions of cancellation
 r - 3 potions of brilliance


   Skills:
 * Level 5.0 Fighting
 + Level 7.7 Polearms
 + Level 4.4 Throwing
 + Level 3.3 Armour
 + Level 2.6 Dodging
 + Level 1.1 Stealth
 + Level 4.5 Shields
 * Level 3.6 Evocations


You had 7 spell levels left.
You didn't know any spells.
Your spell library contained the following spells:

 Spells                   Type           Power      Damage    Failure   Level
 Animate Skeleton         Necr           0%         N/A       100%        1
 Foxfire                  Conj/Fire      0%         2x1d4     100%        1
 Freeze                   Ice            0%         1d3       100%        1
 Pain                     Necr           0%         1d4       100%        1
 Ensorcelled Hibernation  Hex/Ice        0%         N/A       100%        2
 Passwall                 Tmut/Erth      0%         N/A       100%        2
 Poisonous Vapours        Pois/Air       0%         N/A       100%        2
 Static Discharge         Conj/Air       0%         N/A       100%        2
 Frozen Ramparts          Ice            0%         1d2       100%        3
 Swiftness                Air            0%         N/A       100%        3
 Vampiric Draining        Necr           0%         2d6       100%        3
 Hailstorm                Conj/Ice       0%         3d3       100%        4
 Olgreb's Toxic Radiance  Pois           0%         N/A       100%        4
 Sticky Flame             Conj/Fire      0%         2d3       100%        4
 Lightning Bolt           Conj/Air       0%         1d11      100%        5
 Maxwell's Capacitive Co  Air            0%         ∞         100%        8


Dungeon Overview and Level Annotations

Branches:
Dungeon (6/15)              Sewer (visited)
 Temple: D:4-7

Altars:

Shops:
D:4 [


Innate Abilities, Weirdness & Mutations

((You are very nimble when in or above water. (Stealth+, EV+, Speed+++)))
Your lower body shifts to a powerful aquatic tail in water.


Message History

The boulder beetle struggles against the net.
You hit the boulder beetle.
The boulder beetle is moderately wounded.
The boulder beetle struggles against the net.
You hit the boulder beetle but do no damage.
The boulder beetle is moderately wounded.
The boulder beetle struggles against the net.
The net rips apart, and the boulder beetle comes free!
You completely miss the boulder beetle.
The boulder beetle is moderately wounded.
The boulder beetle bites you!!
You hit the boulder beetle but do no damage.
The boulder beetle is moderately wounded.
You puncture the boulder beetle!
The boulder beetle is moderately wounded.
The boulder beetle bites you.
You hit the boulder beetle.
The boulder beetle is heavily wounded.
The boulder beetle closely misses you.
You hit the boulder beetle but do no damage.
The boulder beetle is heavily wounded.
You block the boulder beetle's attack.
You hit the boulder beetle but do no damage.
The boulder beetle is heavily wounded.
The boulder beetle bites you!!
You puncture the boulder beetle!
The boulder beetle is heavily wounded.
The boulder beetle bites you!!
* * * LOW HITPOINT WARNING * * *
You feel much better. The boulder beetle barely misses you.
You fade into invisibility!
The boulder beetle barely misses you.
You hit the boulder beetle.
The boulder beetle is heavily wounded.
The boulder beetle bites you!
* * * LOW HITPOINT WARNING * * *
You hit the boulder beetle but do no damage.
The boulder beetle is heavily wounded.
The boulder beetle bites you!
You die...

##############
#####............#
#...#...#...#....#
#.#...#.#.#...#..#
#..###..#..###...#
##.#)#.###.# #.#@#
#..##'.....+ #..B.......
#.#..†#####...#.#.######
....†.# #.....°..
###...# +.#.....##
#.....# #.#.....#
..#...# # ..#. .#
...##'.... +##.. .#
...#.#.###


You could see a boulder beetle (can't see you).

Vanquished Creatures
  Grinder (Sewer)
  A water moccasin (D:6)
  A phantom (D:5)
  2 kobold brigands
  A necrophage (Sewer)
  4 scorpions
  A wight (Sewer)
  A howler monkey (D:6)
  5 hounds
  3 jellies
  An iguana (D:4)
  3 orc wizards
  6 adders
  5 shadow imps (Sewer)
  A white imp (D:6)
  4 ufetubi (Sewer)
  A worm (D:3)
  3 dart slugs
  6 orcs
  8 bats
  5 endoplasms
  5 giant cockroaches
  5 goblins (D:3)
  4 hobgoblins
  3 quokkas
  15 ball pythons
  A frilled lizard (D:3)
  19 kobolds
  2 kobold zombies (Sewer)
  8 rats
125 creatures vanquished.

Notes
Turn   | Place    | Note
-------+----------+-------------------------------------------
     0 | D:1      | Dorkslayer the Merfolk Fighter began the quest for the Orb.
     0 | D:1      | Reached XP level 1. HP: 18/18 MP: 1/1
   210 | D:1      | Reached XP level 2. HP: 19/24 MP: 2/2
   289 | D:1      | Reached skill level 3 in Polearms
   345 | D:1      | Reached skill level 1 in Throwing
   522 | D:1      | Reached XP level 3. HP: 28/29 MP: 3/3
   578 | D:1      | Got the Papyrus of Harmful Envenoming
   961 | D:2      | Found a faded altar of an unknown god.
  1238 | D:3      | Reached skill level 1 in Dodging
  1298 | D:3      | Reached XP level 4. HP: 32/35 MP: 4/4
  1954 | D:4      | Noticed a scorpion
  1975 | D:4      | Killed a scorpion
  1976 | D:4      | Reached skill level 4 in Polearms
  1976 | D:4      | Reached XP level 5. HP: 20/41 MP: 5/5
  1979 | D:4      | Reached skill level 1 in Evocations
  2100 | D:4      | Reached XP level 6. HP: 26/48 MP: 6/6
  2160 | D:4      | Found a glowing drain.
  2177 | Sewer    | Entered a sewer
  2325 | Sewer    | Found an ancient bone altar of Kikubaaqudgha.
  2341 | Sewer    | Reached skill level 5 in Polearms
  2367 | Sewer    | Noticed Grinder
  2382 | Sewer    | Paralysed by Grinder for 4 turns
  2395 | Sewer    | Killed Grinder
  2396 | Sewer    | Reached skill level 6 in Polearms
  2396 | Sewer    | Reached XP level 7. HP: 9/54 MP: 7/7
  2997 | D:4      | Found Test's Armour Boutique.
  3078 | D:4      | You fall into a shaft and drop 1 floor!
  3078 | D:5      | Entered Level 5 of the Dungeon
  3458 | D:5      | Noticed a two-headed ogre
  3495 | D:5      | Reached XP level 8. HP: 61/61 MP: 8/8
  3506 | D:5      | HP: 1/61 [two-headed ogre/+0 giant club (12)]
  3899 | D:6      | Reached skill level 7 in Polearms
  3922 | D:6      | Reached skill level 1 in Stealth
  3986 | D:6      | Reached skill level 5 in Fighting
  4012 | D:6      | Noticed a boulder beetle
  4040 | D:6      | HP: 1/62 [boulder beetle (19)]
  4044 | D:6      | Slain by a boulder beetle

Illustrated notes

Levels and vault maps discovered:
D:1:      giann_forest_graveyard, layout_rooms
D:2:      layout_rooms, chequers_ecumenical_altar_twisty,
          kennysheep_pointless_box
D:3:      layout_loops_ring
D:4:      layout_loops_ring, serial_shops,
          nicolae_shop_temple_entry_statues_fountains,
          cheibrodos_sewer_entry_drain
D:5:      layout_layer_cave
D:6:      layout_basic, minmay_temple_entry_offerings,
          minmay_fractal_squares_diagonal_5

Skill      XL: |  1  2  3  4  5  6  7  8 |
---------------+-------------------------+-----
Polearms       | 3 4 6 7 |  7.7
Throwing       | 1 2 3 4 |  4.4
Dodging        | 1 2 |  2.6
Evocations     | 1 2 3 |  3.6
Fighting       | 4 5 |  5.0
Armour         | 3 |  3.3
Shields        | 4 |  4.5
Stealth        | 1 |  1.1

Action                   |  1- 3 |  4- 6 |  7- 9 || total
-------------------------+-------+-------+-------++-------
Melee: Trident           |   111 |   133 |   123 ||   367
       Tailslap          |       |     2 |       ||     2
Throw: Boomerang         |     3 |    22 |    33 ||    58
       Dart              |       |     1 |     6 ||     7
       Throwing net      |       |       |     2 ||     2
  Use: Scroll            |     5 |     6 |     7 ||    18
       Potion            |       |     4 |     6 ||    10
 Stab: Invisible         |       |       |     5 ||     5
       Held in net/web   |       |       |     1 ||     1
Armor: Scale mail        |    47 |       |       ||    47
       Chain mail        |       |    91 |    35 ||   126
Dodge: Dodged            |    40 |    53 |    40 ||   133
Block: Buckler           |    23 |    34 |    23 ||    80

Table legend: (Time is in decaauts)
 A = Elapsed time spent in this place.
 B = Non-inter-level travel time spent in this place.
 C = Inter-level travel time spent in this place.
 D = Time resting spent in this place.
 E = Time spent auto-exploring this place.
 F = Levels seen in this place.
 G = Mean time per level.
                   A        B        C        D        E       F      G
               +--------+--------+--------+--------+--------+-----+--------+
         Total |   4046 |   4026 |     20 |      6 |   2138 |   7 |  578.0 |
       Dungeon |   3354 |   3334 |     20 |      6 |   1776 |   6 |  559.0 |
         Sewer |    692 |    692 |      0 |      0 |    362 |   1 |  692.0 |
               +--------+--------+--------+--------+--------+-----+--------+

Top non-repeatable levels by time:
     D:1: 779 daAuts
     D:3: 750 daAuts
     D:4: 703 daAuts
   Sewer: 692 daAuts
     D:2: 445 daAuts
     D:6: 378 daAuts
     D:5: 298 daAuts
